 Dungeon Crawl Stone Soup version 0.22-a0-447-gee5f723 (webtiles) character file.

310 nikopol the Magician (level 6, 0/32 HPs)
             Began as a Deep Elf Fire Elementalist on June 3, 2018.
             Killed by the air
             ... invoked by Thaneod's ghost
              (3 damage)
             ... on level 3 of the Dungeon.
             The game lasted 00:06:17 (1879 turns).

nikopol the Magician (Deep Elf Fire Elementalist)   Turns: 1879, Time: 00:06:18

Health: 0/32       AC:  3    Str:  5    XL:     6   Next: 17%
Magic:  3/16       EV: 13    Int: 22    God:
Gold:   139        SH:  0    Dex: 15    Spells: 6/16 levels left

rFire    . . .     SeeInvis .   h - +1 dagger (speed)
rCold    . . .     Gourm    .   (no shield)
rNeg     . . .     Faith    .   a - +0 robe
rPois    .         Spirit   .   (no helmet)
rElec    .         Reflect  .   (no cloak)
rCorr    .         Harm     .   g - +0 pair of gloves
MR       .....                  (no boots)
Stlth    ++........             (no amulet)
HPRegen  0.10/turn              (no ring)
MPRegen  0.15/turn              (no ring)

@: no status effects
A: no striking features
a: no special abilities


You were on level 3 of the Dungeon.
You were not hungry.

You visited 1 branch of the dungeon, and saw 3 of its levels.

You collected 139 gold pieces.

Inventory:

Hand Weapons
 h - a +1 dagger of speed (weapon)
 l - a +0 dagger of electrocution
Armour
 a - a +0 robe (worn)
 g - a +0 pair of gloves (worn)
 k - a +0 cloak
Scrolls
 b - 2 scrolls of remove curse {unknown}
 d - 3 scrolls of identify {unknown}
 i - 2 scrolls of fog {unknown}
 n - a scroll of teleportation {unknown}
Potions
 e - 2 potions of haste {unknown}
 f - a potion of curing {unknown}
 m - a potion of berserk rage {unknown}
 o - a potion of brilliance {unknown}
 p - a potion of heal wounds {unknown}
Comestibles
 c - 3 rations
 j - 3 chunks of flesh


   Skills:
 + Level 2.7 Dodging
 + Level 2.6 Stealth
 + Level 5.8 Spellcasting
 + Level 3.0 Conjurations
 + Level 5.4 Fire Magic


You had 6 spell levels left.
You knew the following spells:

 Your Spells              Type           Power        Failure   Level  Hunger
a - Flame Tongue          Conj/Fire      ####.        1%          1    None
b - Throw Flame           Conj/Fire      ####..       2%          2    None
c - Conjure Flame         Conj/Fire      ####....     4%          3    ##.....
d - Sticky Flame          Conj/Fire      ####....     16%         4    ####...

Your spell library contained the following spells:

 Spells                   Type           Power        Failure   Level  Hunger
 Fireball                 Conj/Fire      ####......   41%         5    #####..
 Inner Flame              Hex/Fire       ###.....     9%          3    ##.....


Dungeon Overview and Level Annotations

Branches:
Dungeon (3/15)

Altars:
Vehumet

Annotations:
D:3 Thaneod's ghost, amateur DEAE


Message History

Press: ? - help, Shift-Dir - straight line, f/p - Thaneod's ghost
Aim: Thaneod's ghost, wielding a weapon of flaming (heavily damaged)
The flame tongue misses Thaneod's ghost.
Casting: Flame Tongue (safe; 1% risk of failure)
Confirm with . or Enter, or press ? or * to list all spells.
Aiming: Flame Tongue (safe; 1% risk of failure)
Press: ? - help, Shift-Dir - straight line, f/p - Thaneod's ghost
Aim: Thaneod's ghost, wielding a weapon of flaming (heavily damaged)
The flame tongue hits Thaneod's ghost.
Thaneod's ghost resists.
Thaneod's ghost is heavily damaged.
Thaneod's ghost waves its arms in wide circles.
The air twists around and strikes you!
* * * LOW HITPOINT WARNING * * *
Thaneod's ghost gestures at you while chanting.
The zap hits you!
* * * LOW HITPOINT WARNING * * *
The adder misses you.
Thaneod's ghost waves its arms in wide circles.
The air twists around and strikes you!
You die...

## #.#......#####
....##.#..###.#
..............>############
#..####...........o.o......
#.# ####.################
.. #.......# #.##
#.#####.## ### #..#
#........ ...
#..#####@#####.# ### ###.
#......S...###.#
.(..####.#(W###.#.....#
##......#..#.........#
#'......#W.###.#....##
##'...))).....[.#....#
...(..?####.#.#.#....###
.......####...#..........
.......†......#.####.....


You could see Thaneod's ghost and an adder.

Vanquished Creatures
  2 killer bees (D:3)
  3 orc wizards (D:3)
  An orc priest (D:3)
  3 adders
  An ooze (D:2)
  A worm (D:2)
  A dart slug (D:1)
  A leopard gecko (D:1)
  7 orcs (D:3)
  3 giant cockroaches
  5 goblins
  12 hobgoblins
  2 jackals (D:1)
  A quokka (D:2)
  3 ball pythons
  5 bats
  A frilled lizard (D:3)
  10 kobolds
  7 rats
69 creatures vanquished.

Vanquished Creatures (others)
  A giant cockroach (D:3)
  A hobgoblin (D:3)
2 creatures vanquished.

Grand Total: 71 creatures vanquished

Notes
Turn   | Place    | Note
-------+----------+-------------------------------------------
     0 | D:1      | nikopol the Deep Elf Fire Elementalist began the quest for the Orb.
     0 | D:1      | Reached XP level 1. HP: 10/10 MP: 6/6
   184 | D:1      | Reached XP level 2. HP: 12/15 MP: 4/8
   661 | D:2      | Reached XP level 3. HP: 19/19 MP: 6/10
  1025 | D:2      | Reached XP level 4. HP: 24/24 MP: 8/12
  1130 | D:3      | Found a radiant altar of Vehumet.
  1130 | D:3      | Noticed Thaneod's ghost (amateur DEAE)
  1164 | D:2      | Learned a level 2 spell: Throw Flame
  1168 | D:2      | Learned a level 3 spell: Conjure Flame
  1173 | D:2      | Learned a level 4 spell: Sticky Flame
  1560 | D:3      | Reached skill level 5 in Spellcasting
  1560 | D:3      | Reached skill level 5 in Fire Magic
  1560 | D:3      | Reached XP level 5. HP: 28/28 MP: 4/14
  1692 | D:3      | Reached XP level 6. HP: 17/32 MP: 8/16
  1879 | D:3      | Killed from afar by Thaneod's ghost

Vault maps used:
D:1:      minmay_arrival_four_loops
D:2:      item_on_display_a
D:3:      fiery_altar_vehumet, first_ration, minmay_vboxes

Skill      XL: |  1  2  3  4  5  6 |
---------------+-------------------+-----
Fire Magic     | 4 5 |  5.4
Spellcasting   | 4 5 |  5.8
Conjurations   | 2 3 |  3.0
Dodging        | |  2.7
Stealth        | |  2.6

Action                   |  1- 3 |  4- 6 || total
-------------------------+-------+-------++-------
 Cast: Flame Tongue      |    69 |    67 ||   136
       Conjure Flame     |       |     3 ||     3
  Eat: Chunk             |       |     3 ||     3
Armor: Robe              |     3 |     1 ||     4
Dodge: Dodged            |    12 |     3 ||    15

Table legend:
 A = Spawn XP
 B = Non-spawn XP
 C = Spawn XP percentage of total XP
 D = Spawn monster count
 E = Non-spawn monster count
 F = Spawn count percentage of total count
 G = Total turns spent on level
                    A         B        C        D         E        F      G
               +---------+---------+-------+---------+---------+-------+---------
         Total |       0 |     443 |   0.0 |       0 |      69 |   0.0 |  1879
               +---------+---------+-------+---------+---------+-------+---------
           D:1 |       0 |      31 |   0.0 |       0 |      19 |   0.0 |   606
           D:2 |       0 |      74 |   0.0 |       0 |      26 |   0.0 |   658
           D:3 |       0 |     338 |   0.0 |       0 |      24 |   0.0 |   615
               +---------+---------+-------+---------+---------+-------+---------
